 Dungeon Crawl Stone Soup version 0.27-a0-898-g810843a28d (webtiles) character file.

Game seed: 12408827835136923850

1684 wakim the Insei (level 9, -8/53 HPs)
             Began as an Octopode Transmuter on Apr 5, 2021.
             Was an Initiate of Gozag.
             Mangled by a slime creature (21 damage)
             ... on level 6 of the Dungeon.
             The game lasted 00:37:33 (8681 turns).

wakim the Insei (Octopode Transmuter)               Turns: 8681, Time: 00:37:34

Health: -8/53      AC:  1    Str: 15    XL:     9   Next: 2%
Magic:  12/12      EV: 14    Int: 19    God:    Gozag
Gold:   388        SH:  0    Dex: 12    Spells: 4/12 levels left

rFire    . . .     SeeInvis .     - Unarmed
rCold    . . .     Faith    .   (no shield)
rNeg     . . .     Spirit   .   (helmet restricted)
rPois    .         Reflect  .   (no amulet)
rElec    .         Harm     .   c - +6 ring of strength
rCorr    .         Rampage  .   h - ring of willpower
Will     +....                  (no ring)
Stlth    ++++......             (no ring)
HPRegen  0.17/turn              (no ring)
MPRegen  0.13/turn              (no ring)
                                (no ring)
                                (no ring)

@: no status effects
A: almost no armour, amphibious, 8 rings, camouflage 1, gelatinous body 1,
(nimble swimmer 1), tentacles
a: Renounce Religion, Potion Petition, Call Merchant, Bribe Branch


You were on level 6 of the Dungeon.
You worshipped Gozag.
Gozag was aware of your devotion.
You visited 1 branch of the dungeon, and saw 6 of its levels.

You collected 468 gold pieces.
You paid 80 gold pieces to Gozag.

Inventory:

Missiles
 b - 4 datura-tipped darts
 g - 35 poisoned darts (quivered)
Jewellery
 c - a +6 ring of strength (left tentacle)
 h - a ring of willpower (right tentacle)
 i - a ring of poison resistance
Wands
 u - a wand of mindburst (7)
 v - a wand of flame (44)
Potions
 a - a potion of brilliance {unknown}
 d - a potion of attraction {unknown}
 e - a potion of flight {unknown}
 F - a potion of curing
 J - a potion of heal wounds
 O - a potion of resistance


   Skills:
 - Level 1.0 Fighting
 + Level 4.9 Dodging
 - Level 5.0 Stealth
 * Level 7.4 Unarmed Combat
 - Level 2.0 Spellcasting
 * Level 6.6 Transmutations
 - Level 2.0 Poison Magic


You had 4 spell levels left.
You knew the following spells:

 Your Spells              Type           Power      Damage    Failure   Level
b - Hydra Form            Tmut           13%        N/A       30%         5
x - Spider Form           Tmut/Pois      9%         N/A       9%          3

Your spell library contained the following spells:

 Spells                   Type           Power      Damage    Failure   Level
 Beastly Appendage        Tmut           54%        N/A       1%          1
 Wereblood                Tmut           27%        N/A       1%          2
 Animate Skeleton         Necr           2%         N/A       17%         1
 Apportation              Tloc           2%         N/A       17%         1
 Corona                   Hex            1%         N/A       17%         1
 Summon Small Mammal      Summ           4%         N/A       17%         1
 Call Imp                 Summ           1%         N/A       26%         2
 Ice Form                 Ice/Tmut       14%        N/A       41%         4
 Call Canine Familiar     Summ           1%         N/A       45%         3
 Summon Guardian Golem    Hex/Summ       1%         N/A       45%         3
 Summon Ice Beast         Ice/Summ       1%         N/A       86%         4
 Summon Lightning Spire   Summ/Air       1%         N/A       86%         4


Dungeon Overview and Level Annotations

Branches:
Dungeon (6/15)
 Temple: D:4-7

Altars:
Cheibriados
Dithmenos
Gozag
Qazlal
Wu Jian

Shops:
D:6 *

Annotations:
D:2 p0werm0de's ghost, amateur GrFi
D:6 exclusion: centaur


Innate Abilities, Weirdness & Mutations

You cannot wear most types of armour.
You are amphibious.
You can wear up to eight rings at the same time.
Your skin changes colour to match your surroundings (Stealth+).
Your rubbery body absorbs attacks. (AC +1, EV +1)
((You are camouflaged near water. (Stealth+)))
You have tentacles for arms and can constrict up to eight enemies at once.


Message History

The slime creature is lightly wounded.
The slime creature hits you.
You hit the slime creature.
The slime creature is moderately wounded.
The slime creature completely misses you.
You hit the slime creature but do no damage.
The slime creature is moderately wounded.
You hit the slime creature.
The slime creature is poisoned.
The slime creature is moderately wounded.
The slime creature hits you.
You hit the slime creature but do no damage.
The slime creature is moderately wounded.
The slime creature closely misses you.
You bite the slime creature!
The slime creature is heavily wounded.
The slime creature completely misses you.
You bite the slime creature!
The slime creature looks as sick as possible!
The slime creature is heavily wounded.
The slime creature hits you!!
* * * LOW HITPOINT WARNING * * *
The jelly quivers.
There is an open door here.
Your transformation is almost over.
There is an open gate here.
The slime creature jiggles.
Your transformation has ended.
The slime creature hits you!!
* * * LOW HITPOINT WARNING * * *
The slime creature looks more healthy.
There is an open door here.
There is an open door here.
The slime creature jiggles.
You see here 14 arrows.
There is an open door here.
There is an open door here.
There is a stone staircase leading up here.
The slime creature hits you!!
You die...
Your body crumbles into a pile of gold.

#.....#.....#...######
#.....#.....#....#
......#.....#....#
P.....#....#######
∩P....#....#.....#
P.....#....#.....#
......#....#.....#
#.....#....#.....#
#.....##'###....@#
................J#
.................#
.................#
.................#
.................#
.................######
#################.....#
#......#...#....#.....#


You could see a slime creature.

Vanquished Creatures
  An orc warrior (D:3)
  A sky beast (D:6)
  2 necrophages
  3 ogres
  2 kobold brigands (D:6)
  A scorpion (D:5)
  3 howler monkeys
  A bullfrog zombie (D:5)
  A hound (D:5)
  2 jellies
  2 bullfrog skeletons (D:6)
  6 iguanas
  4 orc wizards
  Ijyb (D:3)
  A hound zombie (D:5)
  A hound skeleton (D:2)
  Robin (D:3)
  7 gnolls
  9 adders
  An ufetubus (D:6)
  A worm (D:2)
  2 dart slugs (D:2)
  11 orcs
  4 ball pythons
  3 bats
  5 endoplasms
  4 giant cockroaches
  13 goblins
  12 hobgoblins
  3 jackals
  3 quokkas
  A frilled lizard (D:2)
  7 kobolds
  3 rats
122 creatures vanquished.

Vanquished Creatures (others)
  10 fungi (D:6)
  8 toadstools (D:6)
18 creatures vanquished.

Grand Total: 140 creatures vanquished

Notes
Turn   | Place    | Note
-------+----------+-------------------------------------------
     0 | D:1      | wakim the Octopode Transmuter began the quest for the Orb.
     0 | D:1      | Reached XP level 1. HP: 13/13 MP: 3/3
   624 | D:1      | Found a faded altar of an unknown god.
   726 | D:1      | Reached skill level 1 in Stealth
   726 | D:1      | Reached XP level 2. HP: 13/18 MP: 3/5
  1301 | D:2      | Found a shadowy altar of Dithmenos.
  1416 | D:1      | Reached XP level 3. HP: 20/23 MP: 4/6
  1420 | D:1      | Learned a level 3 spell: Spider Form
  1529 | D:2      | You fall into a shaft and drop 1 floor!
  1847 | D:3      | Reached XP level 4. HP: 26/28 MP: 4/7
  1910 | D:2      | Reached skill level 4 in Unarmed Combat
  1978 | D:1      | Reached skill level 1 in Poison Magic
  2321 | D:2      | Reached XP level 5. HP: 33/33 MP: 5/8
  2701 | D:3      | Noticed Robin
  2867 | D:3      | Killed Robin
  3010 | D:3      | Noticed Ijyb
  3339 | D:3      | Found a stormy altar of Qazlal.
  3620 | D:3      | Reached XP level 6. HP: 38/38 MP: 5/9
  3680 | D:3      | Found a runed translucent gate.
  3682 | D:3      | Found a runed translucent gate.
  3682 | D:3      | Found an opulent altar of Gozag.
  3919 | D:3      | Killed Ijyb
  3999 | D:3      | Found a runed translucent gate.
  4000 | D:3      | Noticed an orc warrior
  4001 | D:3      | Noticed p0werm0de's ghost (amateur GrFi)
  4674 | D:4      | Reached skill level 5 in Unarmed Combat
  4759 | D:4      | Noticed a necrophage
  4945 | D:4      | Reached XP level 7. HP: 43/43 MP: 7/10
  4992 | D:4      | Found a snail-covered altar of Cheibriados.
  5278 | D:4      | Found an ornate altar of the Wu Jian Council.
  5344 | D:5      | Entered Level 5 of the Dungeon
  5719 | D:5      | Reached skill level 6 in Unarmed Combat
  5719 | D:5      | Reached skill level 5 in Transmutations
  5922 | D:5      | Reached XP level 8. HP: 46/48 MP: 8/11
  6714 | D:3      | Became a worshipper of Gozag Ym Sagoz the Greedy
  7471 | D:5      | Learned a level 5 spell: Hydra Form
  7560 | D:6      | Reached skill level 5 in Stealth
  7859 | D:6      | Found Wekule's Assorted Antiques.
  8121 | D:6      | Reached skill level 7 in Unarmed Combat
  8212 | D:6      | Reached XP level 9. HP: 45/53 MP: 8/12
  8490 | D:6      | Identified the +0 cloak of Vozxyryth {*Corrode rC+ SInv}
  8681 | D:6      | Mangled by a slime creature

Illustrated notes

Levels and vault maps discovered:
D:1:      lemuel_arrival_cross, layout_basic, serial_glass, glass_columns_a,
          glass_columns_a, chequers_ecumenical_altar_grove
D:2:      layout_basic, basic_altar
D:3:      kennysheep_the_goblin_king, layout_basic, lemuel_tele_altar,
          ebering_ghost_gozag, uniq_robin
D:4:      layout_rooms, general_overflow_altar, kennysheep_mini
D:5:      layout_basic, serial_bayou, serial_bayou_lagoon_a,
          serial_bayou_pond_d, serial_bayou_shore_b, serial_bayou_pond_b
D:6:      cheibrodos_fertilizer, layout_gridville, serial_shops,
          nicolae_shop_overgrown_old_shop

Skill      XL: |  1  2  3  4  5  6  7  8 |
---------------+-------------------------+-----
Stealth        | 1 2 3 4 5 |  5.0
Unarmed Combat | 4 5 6 7 |  7.4
Poison Magic   | 1 2 |  2.0
Transmutations | 3 4 5 6 |  6.6
Dodging        | 3 4 |  4.9
Fighting       | |  1.0
Spellcasting   | |  2.0

Action                   |  1- 3 |  4- 6 |  7- 9 || total
-------------------------+-------+-------+-------++-------
Melee: Unarmed           |    52 |   119 |   145 ||   316
       Kick              |    11 |     9 |     1 ||    21
       Constrict         |    12 |    15 |     3 ||    30
       Tentacles         |     6 |     7 |     1 ||    14
       Punch             |     3 |       |       ||     3
Throw: Dart              |       |     7 |     3 ||    10
 Cast: Beastly Appendage |    16 |    18 |     4 ||    38
       Spider Form       |     2 |    15 |    24 ||    41
  Use: Scroll            |       |     4 |     6 ||    10
       Potion            |       |       |     2 ||     2
 Stab: Sleeping          |     4 |       |     3 ||     7
Armor: Skin              |     2 |     3 |     5 ||    10
Dodge: Dodged            |    28 |    74 |   113 ||   215

Table legend: (Time is in decaauts)
 A = Elapsed time spent in this place.
 B = Non-inter-level travel time spent in this place.
 C = Inter-level travel time spent in this place.
 D = Time resting spent in this place.
 E = Time spent auto-exploring this place.
 F = Levels seen in this place.
 G = Mean time per level.
                   A        B        C        D        E       F      G
               +--------+--------+--------+--------+--------+-----+--------+
         Total |   8662 |   8307 |    355 |    827 |   5460 |   6 | 1443.7 |
       Dungeon |   8662 |   8307 |    355 |    827 |   5460 |   6 | 1443.7 |
               +--------+--------+--------+--------+--------+-----+--------+

Top non-repeatable levels by time:
     D:3: 2691 daAuts
     D:1: 1556 daAuts
     D:5: 1440 daAuts
     D:6: 1143 daAuts
     D:4: 956 daAuts
     D:2: 874 daAuts
